[Event "Early-Titled-Tuesday-Blitz-May-14-2024"]
[Site "Chess.com"]
[Date "2024.05.14"]
[Round "1"]
[White "tgpgoat"]
[Black "Lennis93"]
[Result "0-1"]
[WhiteElo "2453"]
[BlackElo "2790"]
[TimeControl "180+1"]
[EndTime "8:04:54 PDT"]
[Termination "Lennis93 won by resignation"]

1. Nf3 d5 2. c4 c6 3. cxd5 cxd5 4. d4 a6 5. Nc3 Nf6 6. g3 Nc6 7. Bg2 Bf5 8. O-O e6 9. Bf4 Bb4 10. Rc1 O-O 11. Ne5 Rc8 12. a3 Be7 13. Nxc6 Rxc6 14. Qd2 Qd7 15. Rfe1 Rfc8 16. e3 b5 17. Ne2 Rc2 18.
Qa5 Qb7 19. Nc3 Rxb2 20. h3 Bd8 21. Nxd5 exd5 22. Rxc8 Qxc8 0-1

[Event "Early-Titled-Tuesday-Blitz-May-14-2024"]
[Site "Chess.com"]
[Date "2024.05.14"]
[Round "1"]
[White "luggevoila"]
[Black "Dacean99"]
[Result "1-0"]
[WhiteElo "2331"]
[BlackElo "2620"]
[TimeControl "180+1"]
[EndTime "8:04:57 PDT"]
[Termination "luggevoila won by checkmate"]

1. e4 c5 2. Nc3 Nc6 3. Bb5 Nd4 4. Nf3 g6 5. Bc4 Bg7 6. Nxd4 cxd4 7. Qf3 Nh6 8. Ne2 O-O 9. d3 b5 10. Bb3 e6 11. Qh3 a5 12. a3 Nf5 13. exf5 exf5 14. O-O Re8 15. Re1 Bb7 16. Bh6 Qf6 17. Bxg7 Kxg7 18. Nf4 Qg5 19. Qg3 Qh6 20. h4 Kh8 21. Nd5 Qd2 22. Rxe8+ Rxe8 23. Qd6 Bxd5 24. Bxd5 Kg7 25. g3 Qxc2 26. Qxd7 Re2 27. Qxf7+ Kh6 28. Qf8+ Kh5 29. Bf3# 1-0

[Event "Early-Titled-Tuesday-Blitz-May-14-2024"]
[Site "Chess.com"]
[Date "2024.05.14"]
[Round "1"]
[White "Chernov_Alexander_A"]
[Black "ValeriyGrinev"]
[Result "1/2-1/2"]
[WhiteElo "2277"]
[BlackElo "2600"]
[TimeControl "180+1"]
[EndTime "8:05:01 PDT"]
[Termination "Game drawn by repetition"]

1. d4 d5 2. Nc3 Nf6 3. Bg5 Nbd7 4. Nf3 e6 5. e3 c5 6. Bd3 Be7 7. O-O O-O 8. a3 a6 9. Re1 b5 10. Ne5 Nxe5 11. dxe5 Nd7 12. Bxe7 Qxe7 13. f4 Bb7 14. Qh5 f5 15. g4 g6 16. Qh3 Kh8 17. g5 Rad8 18. Rad1 d4 19. exd4 cxd4 20. Ne2 Nc5 21.
Ng3 Ba8 22. Bf1 Ne4 23. Bg2 Nxg3 24. Qxg3 Bxg2 25. Qxg2 Rd5 26. Rd2 Rfd8 27. Red1 Qc5 28. Qf2 Qc4 29. h4 Kg7 30. Qe2 Qxe2 31. Rxe2 d3 32.
cxd3 Rxd3 33. Rxd3 Rxd3 34. Rc2 Rf3 35. Rc7+ Kg8 36.
Rc8+ Kf7 37. Rc7+ Kg8 38. Rc8+ Kg7 39. Rc7+ Kg8 1/2-1/2

[Event "Early-Titled-Tuesday-Blitz-May-14-2024"]
[Site "Chess.com"]
[Date "2024.05.14"]
[Round "1"]
[White "Nitzan_Steinberg"]
[Black "Hananmo"]
[Result "1-0"]
[WhiteElo "2957"]
[BlackElo "2529"]
[TimeControl "180+1"]
[EndTime "8:05:02 PDT"]
[Termination "Nitzan_Steinberg won by resignation"]

1. e4 c5 2. Nf3 d6 3. Nc3 Nf6 4.
e5 dxe5 5. Nxe5 Nfd7 6. Nc4 Nc6 7. g3 Nb6 8. Nxb6 axb6 9. Bg2 e5 10. d3 Bd6 11.
O-O O-O 12. Re1 Re8 13. b3 Nd4 14. Bb2 b5 15. h4 b4 16. Ne4 Bf8 17. Nd2 Ra7 18.
Nc4 Qc7 19. f4 Bd6 20. Bxd4 cxd4 21. Qd2 b5 22. fxe5 Bxe5 23. Nxe5 Rxe5 24. Rxe5 Qxe5 25. Re1 1-0

[Event "Early-Titled-Tuesday-Blitz-May-14-2024"]
[Site "Chess.com"]
[Date "2024.05.14"]
[Round "1"]
[White "hongnhung1234"]
[Black "mitrabhaa"]
[Result "1-0"]
[WhiteElo "2541"]
[BlackElo "2911"]
[TimeControl "180+1"]
[EndTime "8:05:06 PDT"]
[Termination "hongnhung1234 won on time"]

1. e4 c6 2. d4 d5 3. f3 e6 4. Nc3 Bb4 5. Bf4 Ne7 6. Qd3 b6 7.
Ne2 Ba6 8. Qe3 Nd7 9. O-O-O O-O 10. h4 c5 11. a3 cxd4 12. Qxd4 Bc5 13. Qd2 Bxe2 14.
Bxe2 1-0

[Event "Early-Titled-Tuesday-Blitz-May-14-2024"]
[Site "Chess.com"]
[Date "2024.05.14"]
[Round "1"]
[White "Vincent_Vega95"]
[Black "H3nriqueTV"]
[Result "1-0"]
[WhiteElo "2743"]
[BlackElo "2419"]
[TimeControl "180+1"]
[EndTime "8:05:16 PDT"]
[Termination "Vincent_Vega95 won by resignation"]

1. d4 Nf6 2. c4 g6 3. Nc3 d5 4. cxd5 Nxd5 5. e4 Nxc3 6. bxc3 Bg7 7. Qa4+ Bd7 8. Qa3 O-O 9. Nf3 Bg4 10. Bg5 f6 11. Be3 Kh8 12. Be2 e5 13. O-O Nc6 14.
Rfd1 exd4 15. cxd4 Qe8 16. h3 Bxf3 17. Bxf3 Rd8 18.
Rac1 Qf7 19. Qb3 Qxb3 20. axb3 Rd7 21. Bg4 Re7 22. d5 Ne5 23. Bc5 Rfe8 24. Bxe7 Rxe7 25. d6 cxd6 26. Rc8+ 1-0

[Event "Early-Titled-Tuesday-Blitz-May-14-2024"]
[Site "Chess.com"]
[Date "2024.05.14"]
[Round "1"]
[White "Yan_Dyomin2010"]
[Black "AnnaChessLook"]
[Result "1-0"]
[WhiteElo "2672"]
[BlackElo "2356"]
[TimeControl "180+1"]
[EndTime "8:05:17 PDT"]
[Termination "Yan_Dyomin2010 won by resignation"]

1. e4 c5 2. Nf3 Nc6 3. Bb5 g6 4. Bxc6 dxc6 5. d3 Bg7 6. h3 Nf6 7. Be3 Nd7 8. Nc3 e5 9. Qd2 h6 10. O-O b6 11. Nh2 Nf8 12. f4 exf4 13. Bxf4 Ne6 14.
Be3 Nd4 15. Rf2 Be6 16. Raf1 Qe7 17. Nf3 O-O-O 18. b3 Kb7 19. a4 a5 20. Ne2 f5 21.
Bxd4 cxd4 22. exf5 Bxf5 23. Ng3 Bc8 24. Re1 Qc7 25.
Ne4 Rde8 26. b4 axb4 27. Qxb4 c5 28. Qb3 Be6 29. Nxc5+ Qxc5 30. Rxe6 Rxe6 31. Qxe6 g5 32. Nd2 Rc8 33. Nc4 Rc7 34. Rf5 Qb4 35. Rb5 1-0

[Event "Early-Titled-Tuesday-Blitz-May-14-2024"]
[Site "Chess.com"]
[Date "2024.05.14"]
[Round "1"]
[White "Tolyanius"]
[Black "SidArun"]
[Result "1-0"]
[WhiteElo "2662"]
[BlackElo "2338"]
[TimeControl "180+1"]
[EndTime "8:05:18 PDT"]
[Termination "Tolyanius won by resignation"]

1. e4 c6 2. c4 d5 3. exd5 cxd5 4. cxd5 Nf6 5. Nc3 g6 6. Nf3 Bg7 7. Bc4 O-O 8. O-O a6 9. a4 b6 10. d3 Bb7 11. Qb3 Nbd7 12. Be3 Ng4 13. h3 Nxe3 14. fxe3 Ne5 15. Nxe5 Bxe5 16. d6 Qxd6 17. Bxf7+ Kg7 18. Bd5 Bxd5 19. Nxd5 e6 20. Nxb6 Rab8 21. Rxf8 Kxf8 22. a5 Ke7 23. d4 Bf6 24. Rc1 e5 25. Nc8+ Rxc8 26. Rxc8 exd4 27. Qb7+ 1-0

[Event "Early-Titled-Tuesday-Blitz-May-14-2024"]
[Site "Chess.com"]
[Date "2024.05.14"]
[Round "1"]
[White "ulises2013"]
[Black "LLariMarc"]
[Result "1-0"]
[WhiteElo "2923"]
[BlackElo "2523"]
[TimeControl "180+1"]
[EndTime "8:05:19 PDT"]
[Termination "ulises2013 won by resignation"]

1. e4 c6 2. g3 d5 3. Bg2 e5 4.
exd5 cxd5 5. d4 e4 6. Ne2 Nc6 7. O-O Nf6 8. c4 dxc4 9. Nbc3 Be7 10. Qa4 O-O 11. Qxc4 Be6 12. Qa4 Bd5 13. Nxd5 Qxd5 14. Be3 b5 15. Qb3 Qxb3 16. axb3 Rfd8 17. Rfc1 Nb4 18.
Nc3 Nbd5 19. Nxe4 Rac8 20. Rxc8 Rxc8 21. Nxf6+ Nxf6 22. Rxa7 Bd6 23. h3 b4 24. Bf1 Rc7 25.
Ra8+ Bf8 26. Bc4 g6 27. Bh6 Nd7 28. Bb5 f6 29. Bxd7 1-0

[Event "Early-Titled-Tuesday-Blitz-May-14-2024"]
[Site "Chess.com"]
[Date "2024.05.14"]
[Round "1"]
[White "kleinebeer98"]
[Black "zajka-molotok"]
[Result "1-0"]
[WhiteElo "2989"]
[BlackElo "2535"]
[TimeControl "180+1"]
[EndTime "8:05:21 PDT"]
[Termination "kleinebeer98 won on time"]

1. e4 e6 2. c4 d5 3. cxd5 exd5 4.
Qb3 dxe4 5. Nc3 Nf6 6. Bc4 Qd7 7. d3 exd3 8. Nf3 Bd6 9. O-O O-O 10. Bg5 Ng4 11.
Rad1 Nc6 12. Bxd3 h6 13. Bh4 Qe6 14. Bc4 Qg6 15. Bd3 Qh5 16. h3 Nge5 17. Nxe5 Nxe5 18. Bg3 Bd7 19. Be2 Qg5 20. Ne4 Qe7 21. Nxd6 cxd6 22.
Qxb7 Rfb8 23. Qd5 Ng6 24. Bf3 Be6 25. Qxd6 Qxd6 26. Rxd6 Rd8 27. Bxa8 Rxa8 28. Rfd1 Kh7 29. Rd8 1-0

[Event "Early-Titled-Tuesday-Blitz-May-14-2024"]
[Site "Chess.com"]
[Date "2024.05.14"]
[Round "1"]
[White "artin10862"]
[Black "Art10ECHR"]
[Result "1-0"]
[WhiteElo "2866"]
[BlackElo "2501"]
[TimeControl "180+1"]
[EndTime "8:05:27 PDT"]
[Termination "artin10862 won by checkmate"]

1. Nf3 d5 2. g3 Nf6 3. Bg2 c5 4. O-O Nc6 5. b3 e5 6. Bb2 Bd6 7. d3 O-O 8. Nbd2 a6 9. a4 Bc7 10. e4 d4 11. Nc4 Bd7 12. a5 Re8 13. Qe1 Be6 14. Bc1 Bxc4 15. bxc4 Bxa5 16. Qe2 Bc3 17. Rb1 Nb4 18. Nh4 a5 19. f4 Nd7 20. Nf5 Ra6 21. h4 a4 22. Ba3 Nf8 23. h5 exf4 24. gxf4 Ne6 25. Qg4 Kh8 26. e5 Qc7 27. Be4 Rb6 28. Bc1 Nxc2 29. Rxb6 Qxb6 30. Nd6 Rf8 31. Qf5 g6 32.
Nxf7+ Kg8 33. hxg6 hxg6 34. Qxg6+ Ng7 35. Nh6+ Kh8 36.
Qh7# 1-0

[Event "Early-Titled-Tuesday-Blitz-May-14-2024"]
[Site "Chess.com"]
[Date "2024.05.14"]
[Round "1"]
[White "NiranjanNavalgund"]
[Black "ViIIagra"]
[Result "0-1"]
[WhiteElo "2486"]
[BlackElo "2843"]
[TimeControl "180+1"]
[EndTime "8:05:27 PDT"]
[Termination "ViIIagra won by checkmate"]

1. Nf3 d6 2. e4 e5 3. d4 exd4 4.
Nxd4 Nf6 5. Nc3 Be7 6. Bf4 O-O 7. Qd2 Nc6 8. O-O-O Nd7 9. f3 Bf6 10. Be3 Nb6 11.
g4 Re8 12. g5 Bxd4 13. Bxd4 Nxd4 14. Qxd4 Qxg5+ 15. Kb1 Qf6 16. Qxf6 gxf6 17. Rg1+ Kf8 18. Nb5 Re7 19. Bd3 a6 20. Nc3 Re5 21. Rg3 Rh5 22. Rdg1 Rxh2 23. Rg8+ Ke7 24. b3 Be6 25. R8g7 Rh6 26.
f4 Rg6 27. R1xg6 hxg6 28. f5 gxf5 29. exf5 Bd5 30. Nxd5+ Nxd5 31. Bc4 c6 32. Kb2 Rh8 33. a4 Kf8 34. Rg1 Nc7 35. Bd3 Rg8 36. Re1 Rg4 37. c4 a5 38. Kc3 Na6 39. Bb1 Rg3+ 40. Kb2 Nc5 41. Bc2 Rxb3+ 42. Ka2 Rc3 43. Kb2 Rxc4 44. Rh1 Nxa4+ 45. Kb3 Rb4+ 46. Ka3 Nb6 47. Bd3 Nc4+ 48. Ka2 Ne5 49. Bc2 d5 50. Rh8+ Ke7 51. Ra8 d4 52.
Rxa5 d3 53. Bd1 d2 54. Ra3 c5 55. Ra7 c4 56. Ka3 Rb1 57. Bh5 Ra1+ 58. Kb2 Rxa7 59. Kc2 Ra2+ 60. Kd1 c3 61. Ke2 b5 62. Ke3 b4 63.
Bd1 Rb2 64. Kd4 Kd6 65. Bc2 Ra2 66. Bd1 Ra1 67. Ke4 Rxd1 68. Kd4 Rg1 69. Ke4 d1=Q 70. Ke3 Qd2+ 71. Ke4 Rg4# 0-1

[Event "Early-Titled-Tuesday-Blitz-May-14-2024"]
[Site "Chess.com"]
[Date "2024.05.14"]
[Round "1"]
[White "Massakru"]
[Black "Adar_07"]
[Result "0-1"]
[WhiteElo "2404"]
[BlackElo "2729"]
[TimeControl "180+1"]
[EndTime "8:05:28 PDT"]
[Termination "Adar_07 won by checkmate"]

1. e4 c6 2. d4 d5 3. f3 e6 4. Bd3 dxe4 5. fxe4 Qxd4 6. Nf3 Qb6 7.
e5 Ne7 8. Nbd2 Nd5 9. Nc4 Qc7 10.
O-O b5 11. Nd6+ Bxd6 12. exd6 Qxd6 13. Ng5 Nf6 14. Nxf7 Kxf7 15. Qh5+ Ke7 16. Qg5 Rf8 17. Qxg7+ Rf7 18. Qg5 Nd7 19. Bf4 Qc5+ 20. Kh1 Qxg5 21. Bxg5 Bb7 22. Rae1 Rg8 23. Bh4 c5 24. Rf2 c4 25.
Bf1 Bd5 26. Rd2 Kd6 27. Bg3+ Kc6 28. b3 Ne4 29. Rxe4 Bxe4 30. Rd6+ Kb7 31. bxc4 Rxf1# 0-1

[Event "Early-Titled-Tuesday-Blitz-May-14-2024"]
[Site "Chess.com"]
[Date "2024.05.14"]
[Round "1"]
[White "ViktoriyaTarasova"]
[Black "AlphaGoosee"]
[Result "0-1"]
[WhiteElo "2316"]
[BlackElo "2640"]
[TimeControl "180+1"]
[EndTime "8:05:28 PDT"]
[Termination "AlphaGoosee won by resignation"]

1. d4 d5 2. c4 dxc4 3. e4 e5 4. Nf3 exd4 5. Bxc4 Nc6 6. O-O Be6 7. Bb5 Bc5 8. a3 Ne7 9. b4 Bb6 10. Bb2 a6 11. Ba4 O-O 12. Nbd2 Ng6 13. Bxc6 bxc6 14. Rc1 Nf4 15. Rxc6 Qe8 16. Rc2 d3 17. Rc1 Ne2+ 18.
Kh1 Nxc1 19. Qxc1 Rd8 20. Ng5 f6 21. Nxe6 Qxe6 22. f3 Rfe8 23. Re1 Qd6 24. Bc3 Qc6 25. Qb2 Ba7 26. Qb3+ Qe6 27. Qb2 c5 28. bxc5 Bxc5 29.
e5 Rb8 30. Qa1 Bf2 31. Rf1 Be3 32. exf6 Bxd2 33. f7+ Qxf7 34. Bxd2 Re2 35. Bf4 Qxf4 0-1

[Event "Early-Titled-Tuesday-Blitz-May-14-2024"]
[Site "Chess.com"]
[Date "2024.05.14"]
[Round "1"]
[White "ImportedItalianMaple"]
[Black "ChEsper99"]
[Result "0-1"]
[WhiteElo "2588"]
[BlackElo "2278"]
[TimeControl "180+1"]
[EndTime "8:05:28 PDT"]
[Termination "ChEsper99 won on time"]

1. e4 c6 2. Nf3 d5 3. exd5 cxd5 4. Bb5+ Nc6 5. Ne5 Bd7 6. d4 Nxe5 7. Be2 Nc6 8. O-O g6 9. c3 Bg7 10. h4 h5 11. Bg5 Nf6 12. Nd2 O-O 13. Nf3 Bg4 14. Ne5 Bxe2 15. Qxe2 Nxe5 16. dxe5 Ne4 17. Bf4 e6 18. f3 Nc5 19. Bg5 Qb6 20. Kh2 a5 21. g4 hxg4 22. fxg4 Qc7 23. Bf4 Ne4 24. h5 Bxe5 25. Qe3 Bxf4+ 26. Rxf4 g5 0-1

[Event "Early-Titled-Tuesday-Blitz-May-14-2024"]
[Site "Chess.com"]
[Date "2024.05.14"]
[Round "1"]
[White "AnaKuchava"]
[Black "Semetey"]
[Result "0-1"]
[WhiteElo "2194"]
[BlackElo "2588"]
[TimeControl "180+1"]
[EndTime "8:05:29 PDT"]
[Termination "Semetey won by resignation"]

1. d4 e6 2. Nf3 f5 3. Nc3 Nf6 4. Bg5 Bb4 5. Bxf6 Qxf6 6. Qd2 b6 7.
a3 Bxc3 8. Qxc3 Nc6 9. e3 Bb7 10.
Be2 O-O 11. O-O d6 12. b4 Rac8 13. b5 Ne7 14. Qb3 g5 15. c4 g4 16. Nd2 h5 17.
Rac1 f4 18. Bd3 f3 19. g3 h4 20. Ne4 Qh6 21. c5 hxg3 22. Nxg3 Bd5 23. Qc2 Qh3 0-1

[Event "Early-Titled-Tuesday-Blitz-May-14-2024"]
[Site "Chess.com"]
[Date "2024.05.14"]
[Round "1"]
[White "LangesNasenhaar"]
[Black "ChessQueen"]
[Result "0-1"]
[WhiteElo "2460"]
[BlackElo "2798"]
[TimeControl "180+1"]
[EndTime "8:05:30 PDT"]
[Termination "ChessQueen won by resignation"]

1. d4 f5 2. Nc3 Nf6 3. Bg5 d5 4. Bxf6 exf6 5. e3 Nc6 6. Bd3 Be6 7. a3 Qd7 8. Qf3 g5 9. h4 g4 10. Qd1 f4 11. exf4 Nxd4 12. Bxh7 Rxh7 13. Qxd4 c5 14. Qxf6 Rf7 15. Qe5 Bg7 16. Qh5 O-O-O 17. Nge2 Bf5 18.
O-O-O d4 19. Nb5 Rf6 20. Qg5 Rdf8 21. Nexd4 cxd4 22. Nxd4 Qf7 23. Nxf5 Rxf5 24. Qxg4 Kb8 25. Kb1 Rb5 26. c3 Bxc3 27. Rd7 Rxb2+ 28. Kc1 0-1

[Event "Early-Titled-Tuesday-Blitz-May-14-2024"]
[Site "Chess.com"]
[Date "2024.05.14"]
[Round "1"]
[White "only_strong_moves"]
[Black "patzer-reloaded"]
[Result "1-0"]
[WhiteElo "2710"]
[BlackElo "2394"]
[TimeControl "180+1"]
[EndTime "8:05:32 PDT"]
[Termination "only_strong_moves won by resignation"]

1. Nc3 d5 2. e4 e6 3. d4 Be7 4. Nf3 a6 5. Bd3 c5 6. exd5 exd5 7. dxc5 Nf6 8. O-O O-O 9. Be3 Bg4 10. h3 Bh5 11.
Bd4 Nc6 12. Bxf6 Bxf6 13. Nxd5 Bxb2 14. Rb1 Ba3 15. Rxb7 Bxc5 16. Be4 Ra7 17. Rxa7 Bxa7 18. Nf4 Bxf3 19. Qxf3 Nd4 20. Qd3 g6 21. Nd5 Re8 22.
Rd1 Re5 23. c3 Ne6 24. Qf3 Kg7 25. h4 Nc5 26. Bc2 Qd6 27. Ne3 Qe7 28. Qg3 Ne4 29.
Bxe4 Rxe4 30. Nf5+ 1-0

[Event "Early-Titled-Tuesday-Blitz-May-14-2024"]
[Site "Chess.com"]
[Date "2024.05.14"]
[Round "1"]
[White "komogro"]
[Black "xxysoul6"]
[Result "0-1"]
[WhiteElo "2534"]
[BlackElo "2980"]
[TimeControl "180+1"]
[EndTime "8:05:36 PDT"]
[Termination "xxysoul6 won by resignation"]

1. Nf3 Nf6 2. b3 b6 3. Bb2 Bb7 4. e3 e6 5. c4 Be7 6. Nc3 O-O 7. g3 c5 8. Bg2 Nc6 9. O-O Qc7 10. Qe2 Rfd8 11.
Rfd1 d5 12. cxd5 Nxd5 13. Nxd5 Rxd5 14. Rac1 Rd7 15. d4 Rad8 16. h4 h6 17. dxc5 Rxd1+ 18. Rxd1 Bxc5 19. a3 Rxd1+ 20. Qxd1 Qd8 21. Qc2 Bf8 22.
Ne5 Nxe5 23. Bxb7 Qd3 24. Be4 Nf3+ 25. Kg2 Ne1+ 26. Kg1 Qxc2 27. Bxc2 Nxc2 28. a4 Nb4 0-1

[Event "Early-Titled-Tuesday-Blitz-May-14-2024"]
[Site "Chess.com"]
[Date "2024.05.14"]
[Round "1"]
[White "Dedic8"]
[Black "GM4life"]
[Result "1-0"]
[WhiteElo "2893"]
[BlackElo "2515"]
[TimeControl "180+1"]
[EndTime "8:05:37 PDT"]
[Termination "Dedic8 won by resignation"]

1. d4 Nf6 2. c4 e6 3. Nc3 Bb4 4. e3 O-O 5. Bd3 d5 6. a3 Bxc3+ 7. bxc3 dxc4 8. Bxc4 c5 9. Ne2 Qc7 10. Bd3 Nc6 11.
O-O e5 12. Ng3 Rd8 13. f4 exd4 14. cxd4 cxd4 15. e4 Ng4 16. Qe2 b6 17. h3 Ne3 18.
Bxe3 dxe3 19. Qxe3 Bb7 20. Rad1 Qd6 21. e5 Qc5 22. Qxc5 bxc5 23. Be4 Rac8 24. Nf5 Rxd1 25.
Rxd1 Kf8 26. Rd7 Ba8 27. Nd6 Rb8 28. Rxf7+ Kg8 29. Bd5 Kh8 30. Rc7 Nd4 31. Bxa8 Rxa8 32.
Kf2 Ne6 33. Rf7 Kg8 34. f5 Ng5 35. Rc7 Rd8 36. Ke3 1-0

[Event "Early-Titled-Tuesday-Blitz-May-14-2024"]
[Site "Chess.com"]
[Date "2024.05.14"]
[Round "1"]
[White "Nikita_Klepikov"]
[Black "Crazy_girl99"]
[Result "0-1"]
[WhiteElo "2329"]
[BlackElo "2651"]
[TimeControl "180+1"]
[EndTime "8:05:38 PDT"]
[Termination "Crazy_girl99 won on time"]

1. e4 e5 2. Nf3 Nc6 3. Bb5 a6 4. Ba4 Nf6 5. Qe2 b5 6. Bb3 Bc5 7. c3 O-O 8. d3 d6 9. Bg5 Be6 10. Nbd2 Qe7 11. h3 h6 12. Bh4 g5 13. Nxg5 hxg5 14.
Bxg5 Bxb3 15. axb3 Qe6 16. f4 exf4 17. Rf1 Be3 18. g3 Nh7 19. gxf4 Bxd2+ 20. Qxd2 Nxg5 21. Rg1 f6 22. h4 d5 23. fxg5 f5 24. g6 dxe4 25.
O-O-O Kg7 26. h5 Rh8 27. Qg5 Ne5 28. Rh1 Rh6 29. dxe4 fxe4 30. Rd4 Rf8 31. Rxe4 Nd3+ 32. Kd2 Qxe4 0-1

[Event "Early-Titled-Tuesday-Blitz-May-14-2024"]
[Site "Chess.com"]
[Date "2024.05.14"]
[Round "1"]
[White "Sanyura"]
[Black "Malikova777"]
[Result "1-0"]
[WhiteElo "2644"]
[BlackElo "2320"]
[TimeControl "180+1"]
[EndTime "8:05:38 PDT"]
[Termination "Sanyura won by resignation"]

1. Nf3 Nf6 2. g3 g6 3. Bg2 Bg7 4. O-O O-O 5. d3 d6 6. Nbd2 e5 7. e4 c5 8. Nh4 Nc6 9. f4 Bg4 10. Ndf3 Nd4 11. c3 Nxf3+ 12. Nxf3 Nh5 13. h3 Bxf3 14. Qxf3 exf4 15. g4 Ng3 16. Bxf4 Nxf1 17. Rxf1 Qd7 18. h4 Rae8 19. h5 f5 20. hxg6 hxg6 21. gxf5 gxf5 22. Bh3 Qe7 23. Bxf5 d5 24. Qh5 Bf6 25. Rf2 Rf7 26. Rg2+ Rg7 27. Qh7+ Kf8 28. Bh6 Qf7 29. Bxg7+ Bxg7 30. Bg6 Qf4 31. Rf2 1-0

[Event "Early-Titled-Tuesday-Blitz-May-14-2024"]
[Site "Chess.com"]
[Date "2024.05.14"]
[Round "1"]
[White "Susal_De_Silva"]
[Black "margarita_2703"]
[Result "1-0"]
[WhiteElo "2667"]
[BlackElo "2353"]
[TimeControl "180+1"]
[EndTime "8:05:40 PDT"]
[Termination "Susal_De_Silva won by resignation"]

1. Nf3 d5 2. e3 Nf6 3. c4 c6 4. Nc3 Bg4 5. Qb3 dxc4 6. Qxb7 Bxf3 7. Qxa8 Qc7 8. gxf3 Nd7 9. Nd5 cxd5 10. Qxd5 Nb6 11. Qb5+ N8d7 12. b3 cxb3 13. axb3 e5 14. Bb2 Bd6 15.
Rc1 Qb7 16. Bg2 O-O 17. O-O Qb8 18. Rc6 Re8 19. Rfc1 Bf8 20. d4 exd4 21. Bxd4 Qd8 22.
f4 Nb8 23. R6c2 N8d7 24. Bc6 Re6 25. Bxd7 Nxd7 26. Rc8 Rg6+ 27. Kf1 Qe7 28. Bc5 Nxc5 29.
Qxc5 Qxc5 30. R1xc5 Rb6 31. Rd5 1-0

[Event "Early-Titled-Tuesday-Blitz-May-14-2024"]
[Site "Chess.com"]
[Date "2024.05.14"]
[Round "1"]
[White "ab-lsv"]
[Black "crazy_but_lazy"]
[Result "0-1"]
[WhiteElo "2360"]
[BlackElo "2676"]
[TimeControl "180+1"]
[EndTime "8:05:41 PDT"]
[Termination "crazy_but_lazy won by resignation"]

1. d4 d5 2. c4 c6 3. Nc3 Nf6 4. e3 e6 5. Nf3 Nbd7 6. Be2 b6 7. O-O Bb7 8. b3 Bd6 9. Bb2 O-O 10. Bd3 Qe7 11. Re1 Rad8 12. Qc2 c5 13. cxd5 exd5 14.
e4 cxd4 15. Nxd4 Qe5 16. Nf3 Qh5 17. exd5 Nxd5 18. Nxd5 Bxd5 19. Be4 Be6 20. Rad1 Nc5 21. Bd5 Bxd5 22. Rxd5 Qxd5 0-1

[Event "Early-Titled-Tuesday-Blitz-May-14-2024"]
[Site "Chess.com"]
[Date "2024.05.14"]
[Round "1"]
[White "Kushch_Nikolai"]
[Black "NMJeevanK"]
[Result "0-1"]
[WhiteElo "2424"]
[BlackElo "2756"]
[TimeControl "180+1"]
[EndTime "8:05:43 PDT"]
[Termination "NMJeevanK won by resignation"]

1. Nf3 Nf6 2. c4 d6 3. d4 g6 4. g3 Bg7 5. Bg2 O-O 6. O-O c6 7. Nc3 Bf5 8. Nh4 Be6 9. b3 d5 10. cxd5 cxd5 11. Bb2 Nc6 12. Rc1 Rc8 13. Nf3 Qd7 14.
Na4 b6 15. Ne5 Nxe5 16. dxe5 Ng4 17. Nc3 Bxe5 18. h3 Nf6 19. f4 Bxc3 20. Bxc3 Bxh3 21.
Bxf6 Bxg2 22. Kxg2 exf6 23. Qd4 Qe6 24. e3 Rxc1 25. Rxc1 Re8 26. Rc3 Qf5 27. Rd3 Rd8 28.
e4 Qg4 29. Rd2 h5 30. Qxf6 Re8 31. e5 d4 32. Qd6 h4 33. Qxd4 Qxg3+ 34. Kh1 Rc8 35.
Rd1 Rc2 0-1

[Event "Early-Titled-Tuesday-Blitz-May-14-2024"]
[Site "Chess.com"]
[Date "2024.05.14"]
[Round "1"]
[White "Mikasinski"]
[Black "Raud100"]
[Result "1-0"]
[WhiteElo "2673"]
[BlackElo "2358"]
[TimeControl "180+1"]
[EndTime "8:05:43 PDT"]
[Termination "Mikasinski won by resignation"]

1. e4 d6 2. d4 Nf6 3. Nc3 g6 4.
f4 Bg7 5. Nf3 c5 6. dxc5 Qa5 7.
Qd3 Qxc5 8. Qb5+ Nbd7 9. e5 dxe5 10. Nxe5 O-O 11. Qxc5 Nxc5 12. Nd3 Nce4 13. Nxe4 Nxe4 14. Be2 Bd7 15. Be3 Bc6 16. O-O-O Rfd8 17. Bf3 b6 18.
Rhe1 f5 19. Nf2 Nxf2 20. Rxd8+ Rxd8 21. Bxc6 Ng4 22. Bg1 Kf7 23. Ba4 Bd4 24. Bb3+ Kf8 25. Rd1 Be3+ 26. Bxe3 Rxd1+ 27. Kxd1 Nxe3+ 28. Ke2 Nxg2 29. Kf3 Nh4+ 30. Kg3 g5 31. fxg5 Ng6 32. h4 e5 33.
Be6 Ne7 34. h5 Kg7 35. c4 f4+ 36. Kf3 Nc6 37. Ke4 Nd4 38. Bg4 Nc6 39. a3 a5 40.
Bd7 Nd4 41. Bg4 Nc6 42. Kd5 Nd4 43. Kxe5 1-0

[Event "Early-Titled-Tuesday-Blitz-May-14-2024"]
[Site "Chess.com"]
[Date "2024.05.14"]
[Round "1"]
[White "Mihajlovskij"]
[Black "xasid81"]
[Result "0-1"]
[WhiteElo "2212"]
[BlackElo "2595"]
[TimeControl "180+1"]
[EndTime "8:05:46 PDT"]
[Termination "xasid81 won by resignation"]

1. e4 c6 2. d4 d5 3. Nc3 dxe4 4.
Nxe4 Nf6 5. Nxf6+ exf6 6. c3 Bd6 7. Bd3 O-O 8. Qf3 Re8+ 9. Ne2 Nd7 10. Be3 Nf8 11. O-O-O Be6 12. Kb1 Ng6 13. h4 Qd7 14. g3 Bg4 15. Qg2 h5 16. Rde1 f5 17. Bd2 f4 18.
Bxg6 Rxe2 19. Rxe2 f3 20. Qh2 fxe2 21. Be4 Bf5 22.
f3 Bxe4+ 23. fxe4 Qg4 24. e5 Qf5+ 25. Kc1 Qf1+ 26. Be1 Bxe5 27. Qg1 Bxg3 28. Qxg3 Qxh1 0-1

[Event "Early-Titled-Tuesday-Blitz-May-14-2024"]
[Site "Chess.com"]
[Date "2024.05.14"]
[Round "1"]
[White "lamomiajunior"]
[Black "Eloist"]
[Result "1-0"]
[WhiteElo "2779"]
[BlackElo "2445"]
[TimeControl "180+1"]
[EndTime "8:05:48 PDT"]
[Termination "lamomiajunior won on time"]

1. d4 e6 2. e4 d5 3. e5 c5 4. c3 Qb6 5. Nf3 Bd7 6. Bd3 cxd4 7. O-O Nc6 8. Re1 Nge7 9. a4 dxc3 10. Nxc3 Nb4 11. Be3 Qa5 12. Bb5 Nec6 13. Rc1 a6 14.
Bf1 Be7 15. Qd2 O-O 16. h4 Qd8 17. h5 Na5 18. Nd4 Rc8 19. h6 g6 20. Rcd1 Nc4 21. Bxc4 Rxc4 22. Nf3 b5 23. axb5 axb5 24. Ra1 Nc6 25. Nxb5 Qb8 26. Nc3 Nxe5 27. Nxe5 Qxe5 28. Bc5 Qf6 29. Nxd5 exd5 30. Bxe7 Qf5 31. Bxf8 Rc2 32. Qd4 1-0

[Event "Early-Titled-Tuesday-Blitz-May-14-2024"]
[Site "Chess.com"]
[Date "2024.05.14"]
[Round "1"]
[White "alvarorodriguezavila"]
[Black "sergeikim"]
[Result "0-1"]
[WhiteElo "2332"]
[BlackElo "2654"]
[TimeControl "180+1"]
[EndTime "8:05:49 PDT"]
[Termination "sergeikim won by checkmate"]

1. e4 e5 2. d3 Nc6 3. g3 g6 4. Bg2 Bg7 5. Ne2 Nge7 6. O-O O-O 7. Nbc3 d6 8. h3 Be6 9. Be3 Qd7 10. Kh2 f5 11. f4 Rae8 12. Qd2 d5 13. exd5 Nxd5 14. Bc5 Rf7 15. Rae1 Nxc3 16. bxc3 e4 17. Be3 Rd8 18. Rd1 Qe8 19. Qc1 exd3 20. cxd3 Re7 21. Rfe1 Bxa2 22. Bxc6 Qxc6 23. Nd4 Qe8 24. Nf3 Bd5 25. Ne5 b6 26. Bf2 c5 27. c4 Bb7 28. Qc2 Bxe5 29. fxe5 Qc6 30. Be3 Rxe5 31. Bg5 Rde8 32. Rxe5 Rxe5 33.
d4 cxd4 34. Rxd4 Qh1# 0-1

[Event "Early-Titled-Tuesday-Blitz-May-14-2024"]
[Site "Chess.com"]
[Date "2024.05.14"]
[Round "1"]
[White "Zhigalko_Sergei"]
[Black "xakevicius91"]
[Result "1-0"]
[WhiteElo "2872"]
[BlackElo "2508"]
[TimeControl "180+1"]
[EndTime "8:05:52 PDT"]
[Termination "Zhigalko_Sergei won by resignation"]

1. e4 c5 2. Nf3 e6 3. c3 Nf6 4.
e5 Nd5 5. Bc4 d6 6. d4 cxd4 7.
cxd4 Be7 8. O-O O-O 9. Bd2 b6 10. Qe2 Bb7 11. Nc3 Nxc3 12. Bxc3 Nd7 13. Rfe1 dxe5 14.
dxe5 Qc7 15. Nd4 a6 16. Rad1 Nc5 17. Qg4 Rac8 18. h4 Ne4 19. Nxe6 fxe6 20. Bxe6+ Kh8 21. Rxe4 Bxe4 22. Bxc8 Ba8 23. e6 Rg8 24. Rd7 Qxc8 25. Rxe7 1-0